 Dungeon Crawl Stone Soup version 0.23-a0-483-g32a748b514 (webtiles) character file.

2865 Naow the Cleaver (level 10, -3/70 HPs)
             Began as a Formicid Fighter on Nov 30, 2018.
             Was a Priest of Okawaru.
             Slain by a two-headed ogre
             ... wielding a +0 giant club
              (10 damage)
             ... on level 6 of the Dungeon.
             The game lasted 00:08:47 (6236 turns).

Naow the Cleaver (Formicid Fighter)                 Turns: 6236, Time: 00:08:48

Health: -3/70      AC: 19    Str: 21    XL:     10   Next: 4%
Magic:  10/10      EV:  7    Int:  7    God:    Okawaru [***...]
Gold:   280        SH: 10    Dex: 10    Spells: 9/9 levels left

rFire    . . .     SeeInvis +   a - +0 war axe
rCold    + + .     Gourm    .   c - +0 shield
rNeg     + + +     Faith    .   J - +5 chain mail of Weightlessness {rPois rC+ rN+++ Str-4}
rPois    +         Spirit   .   (helmet unavailable)
rElec    .         Reflect  .   A - +0 cloak
rCorr    .         Harm     .   E - +0 pair of gloves
MR       +....                  K - +1 pair of boots
Stlth    ..........             (no amulet)
HPRegen  0.21/turn              y - ring of positive energy
MPRegen  0.12/turn              H - ring of protection from cold

@: very slow
A: permanent stasis, dig shafts and tunnels, four strong arms, antennae 3
a: Dig, Shaft Self, Heroism, Renounce Religion


You were on level 6 of the Dungeon.
You worshipped Okawaru.
Okawaru was most pleased with you.
You were not hungry.

You visited 2 branches of the dungeon, and saw 8 of its levels.

You collected 280 gold pieces.

Inventory:

Hand Weapons
 a - a +0 war axe (weapon)
Armour
 c - a +0 shield (worn)
 A - a +0 cloak (worn)
 E - a +0 pair of gloves (worn)
 I - a +0 plate armour
 J - the +5 chain mail of Weightlessness (worn) {rPois rC+ rN+++ Str-4}
   (You found it on level 6 of the Dungeon)

   It affects your strength (-4).
   It protects you from cold.
   It protects you from poison.
   It renders you almost immune to negative energy.
 K - a +1 pair of boots (worn)
Jewellery
 y - a ring of positive energy (left hand)
 G - an uncursed ring of ice
 H - a ring of protection from cold (right hand)
 L - an uncursed ring of wizardry {unknown}
Wands
 B - a wand of flame (22)
 C - a wand of clouds (6)
 N - a wand of disintegration (17)
Scrolls
 e - a scroll of fear {unknown}
 h - a scroll of noise {unknown}
 i - a scroll of blinking {unknown}
 j - 2 scrolls of remove curse
 l - 2 scrolls of identify
 m - a scroll of magic mapping
 o - 7 scrolls of teleportation
 p - 2 scrolls of enchant weapon {unknown}
 s - 2 scrolls of enchant armour
 z - a scroll of immolation {unknown}
 F - a scroll of amnesia {unknown}
Potions
 d - a potion of might
 g - a potion of agility {unknown}
 k - 2 potions of flight {unknown}
 n - 2 potions of brilliance {unknown}
 q - a potion of mutation {unknown}
 r - 3 potions of magic
 t - 3 potions of invisibility {unknown}
 u - a potion of berserk rage {unknown}
 v - a potion of curing {unknown}
 w - a potion of cancellation {unknown}
 x - a potion of haste {unknown}
 D - 2 potions of resistance {unknown}
 M - a potion of degeneration {unknown}
Comestibles
 f - 10 rations


   Skills:
 - Level 3.2 Fighting
 + Level 11.5 Axes
 + Level 5.5 Armour
 + Level 6.7 Shields


You had 9 spell levels left.
You didn't know any spells.
Your spell library contained the following spells:

 Spells                   Type           Power        Failure   Level  Hunger
 Corona                   Hex            #......      99%         1    ##.....
 Ensorcelled Hibernation  Hex/Ice        #.....       100%        2    ###....
 Confuse                  Hex            #.......     100%        3    ####...
 Dazzling Spray           Conj/Hex       #.....       100%        3    ####...
 Tukima's Dance           Hex            #.......     100%        3    ####...


Dungeon Overview and Level Annotations

Branches:
Dungeon (7/15)             Temple (1/1) D:4

Altars:
Ashenzari
Cheibriados
Dithmenos
Elyvilon
Fedhas
Gozag
Hepliaklqana
Kikubaaqudgha
Makhleb
Nemelex Xobeh
Okawaru
Qazlal
Ru
Trog
Uskayaw
Wu Jian
Xom
Zin
The Shining One

Shops:
D:6 (


Innate Abilities, Weirdness & Mutations

You cannot be hasted, slowed, berserked, paralysed or teleported.
You can dig through walls and to a lower floor.
Your four strong arms can wield two-handed weapons with a shield.
You have a pair of large antennae on your head. (SInv)


Message History

The two-headed ogre is moderately wounded.
The two-headed ogre hits you but does no damage.
The two-headed ogre hits you with a +0 giant spiked club!
You barely miss the two-headed ogre.
The two-headed ogre is moderately wounded.
The two-headed ogre hits you with a +0 giant club!
You block the two-headed ogre's attack.
Your chain mail of Weightlessness prevents you from hitting the two-headed The two-headed ogre is moderately wounded.
You completely miss the two-headed ogre.
The two-headed ogre is moderately wounded.
The two-headed ogre hits you with a +0 giant club!
* * * LOW HITPOINT WARNING * * *
The two-headed ogre hits you but does no damage.
You enter the shallow water.
Moving in this stuff is going to be slow.
The two-headed ogre hits you with a +0 giant club!
* * * LOW HITPOINT WARNING * * *
The two-headed ogre hits you with a +0 giant spiked club!
You die...

#..#.#.............## #
##...............#.##
#.....##.........##.## #
#..#####.............###
#..#####.........>..).#.
#..............#.###....
#.######.......#...)...#
#.# ################.##
#.# #.@O..# #.#
#.####.###.# ########.#
#......# #.###..).....#
######.###.##.(########
#.....)....(..# ##
#.#####..#.#..# #.
#.#....(##.##.# #.
#...#.#..###..# ##.
#..##.##(.#...# ##..


You could see a two-headed ogre.

Vanquished Creatures
  Sigmund (D:5)
  3 yaks (D:7)
  Menkaure (D:6)
  Edmund (D:5)
  A water moccasin (D:6)
  3 sky beasts
  An ice beast (D:3)
  4 centaurs
  Blork the orc (D:6)
  A big kobold (D:6)
  2 bullfrogs (D:6)
  2 scorpions
  A howler monkey (D:5)
  A centaur zombie (D:5)
  2 hounds
  A quasit (D:6)
  2 jellies
  5 orc priests
  5 orc wizards
  Crazy Yiuf (D:5)
  Terence (D:2)
  An iguana (D:5)
  4 worker ants
  2 hound skeletons
  7 adders
  2 shadow imps (D:5)
  An ooze (D:1)
  An adder zombie (D:6)
  2 adder skeletons (D:4)
  5 worms (D:2)
  A dart slug (D:1)
  17 orcs
  4 giant cockroaches
  6 goblins
  6 hobgoblins
  3 jackals (D:1)
  5 quokkas
  A ball python (D:5)
  11 bats
  6 frilled lizards
  A jackal skeleton (D:5)
  2 jackal zombies (D:5)
  7 kobolds
  A quokka skeleton (D:5)
  8 rats
144 creatures vanquished.

Notes
Turn   | Place    | Note
-------+----------+-------------------------------------------
     0 | D:1      | Naow the Formicid Fighter began the quest for the Orb.
     0 | D:1      | Reached XP level 1. HP: 18/18 MP: 1/1
    69 | D:1      | Reached XP level 2. HP: 10/24 MP: 2/2
   314 | D:1      | Reached skill level 3 in Axes
   413 | D:1      | Reached XP level 3. HP: 21/29 MP: 3/3
  1052 | D:2      | Reached skill level 4 in Axes
  1052 | D:2      | Reached XP level 4. HP: 35/35 MP: 4/4
  1322 | D:2      | Noticed Terence
  1331 | D:2      | Killed Terence
  1331 | D:2      | Reached XP level 5. HP: 40/41 MP: 5/5
  1456 | D:2      | Found a sacrificial altar of Ru.
  1473 | D:2      | Found a burning altar of Makhleb.
  1473 | D:2      | Found a stormy altar of Qazlal.
  1635 | D:3      | Reached skill level 5 in Axes
  1725 | D:3      | Noticed an ice beast
  1750 | D:3      | Killed an ice beast
  1750 | D:3      | Reached XP level 6. HP: 21/47 MP: 6/6
  2209 | D:3      | Found a faded altar of an unknown god.
  2231 | D:3      | Reached skill level 6 in Axes
  2373 | D:3      | Found an opulent altar of Gozag.
  2794 | D:4      | Found a staircase to the Ecumenical Temple.
  2806 | Temple   | Entered the Ecumenical Temple
  2819 | Temple   | Became a worshipper of Warmaster Okawaru
  3063 | D:4      | Reached XP level 7. HP: 52/52 MP: 7/7
  3085 | D:3      | Reached skill level 7 in Axes
  3736 | D:5      | Entered Level 5 of the Dungeon
  3739 | D:5      | Noticed Sigmund
  3744 | D:5      | Killed Sigmund
  3744 | D:5      | Reached * piety under Okawaru
  3744 | D:5      | Reached skill level 8 in Axes
  3853 | D:5      | Noticed Edmund
  3878 | D:5      | Reached XP level 8. HP: 42/58 MP: 8/8
  3887 | D:5      | Killed Edmund
  4053 | D:5      | Reached skill level 9 in Axes
  4364 | D:5      | Reached ** piety under Okawaru
  4411 | D:5      | Found a runed door.
  4793 | D:5      | Noticed Crazy Yiuf
  4797 | D:5      | Killed Crazy Yiuf
  4898 | D:6      | Noticed Blork the orc
  4908 | D:6      | Killed Blork the orc
  4908 | D:6      | Reached XP level 9. HP: 53/64 MP: 9/9
  4915 | D:6      | Got an emerald-encrusted chain mail
  4926 | D:6      | Identified the +5 chain mail of Weightlessness {rPois rC+
                  | rN+++ Str-4} (You found it on level 6 of the Dungeon)
  4973 | D:6      | Reached skill level 5 in Shields
  4983 | D:6      | Reached skill level 10 in Axes
  5062 | D:6      | Reached skill level 5 in Armour
  5148 | D:6      | Noticed Menkaure
  5165 | D:6      | Killed Menkaure
  5165 | D:6      | Reached *** piety under Okawaru
  5449 | D:6      | Found an ornate altar of the Wu Jian Council.
  5689 | D:6      | Found Morucoe's Antique Weapon Emporium.
  5810 | D:6      | Reached skill level 11 in Axes
  5996 | D:7      | Reached XP level 10. HP: 39/70 MP: 10/10
  6199 | D:7      | Noticed a two-headed ogre
  6236 | D:6      | Slain by a two-headed ogre

Vault maps used:
D:1:      ncdulo_lavacross
D:2:      gammafunk_temple_overflow_wave, first_ration,
          nicolae_ru_path_of_blood, uniq_terence
D:3:      chequers_ecumenical_altar_twisty, nicolae_gozag_seed_capital
D:4:      temple_green
D:5:      serial_park_tiny_1, uniq_crazy_yiuf_cottage, uniq_edmund, uniq_sigmund
D:6:      kennysheep_mini_moat, serial_shops, nicolae_shop_overgrown_old_shop,
          minmay_between, uniq_blork_the_orc, uniq_menkaure
D:7:      statuecave_lemuel, serial_shops, shop, uniq_harold, uniq_joseph,
          uniq_prince_ribbit1
Temple:   nicolae_temple_x_marks_the_god

Skill      XL: |  1  2  3  4  5  6  7  8  9 |
---------------+----------------------------+-----
Axes           | 3 4 5 6 8 9 11 | 11.5
Shields        | 4 6 |  6.7
Armour         | 4 5 |  5.5
Fighting       | |  3.2

Action                   |  1- 3 |  4- 6 |  7- 9 | 10-12 || total
-------------------------+-------+-------+-------+-------++-------
Melee: War axe           |    94 |   166 |   325 |    13 ||   598
  Use: Scroll            |       |       |     5 |       ||     5
  Eat: Chunk             |     1 |     6 |    10 |     1 ||    18
Armor: Scale mail        |    50 |    77 |    20 |       ||   147
       Plate armour      |       |       |    57 |       ||    57
       Chain mail        |       |       |    64 |     7 ||    71
Dodge: Dodged            |    38 |    50 |    79 |     5 ||   172
Block: Shield            |    52 |    88 |   155 |     9 ||   304

Table legend:
 A = Non-vault XP
 B = Vault XP
 C = Vault XP percentage of total XP
 D = Non-vault monster count
 E = Vault monster count
 F = Vault count percentage of total count
                 A         B        C        D         E       F
            +---------+---------+-------+---------+---------+-------
      Total |    3157 |     936 |  22.9 |     135 |       9 |   6.2
            +---------+---------+-------+---------+---------+-------
        D:1 |      38 |       0 |   0.0 |      20 |       0 |   0.0
        D:2 |      86 |      36 |  29.5 |      22 |       1 |   4.3
        D:3 |     282 |       0 |   0.0 |      21 |       0 |   0.0
        D:4 |     290 |       0 |   0.0 |      19 |       0 |   0.0
        D:5 |     609 |     422 |  40.9 |      21 |       3 |  12.5
        D:6 |    1244 |     478 |  27.8 |      29 |       5 |  14.7
        D:7 |     608 |       0 |   0.0 |       3 |       0 |   0.0
            +---------+---------+-------+---------+---------+-------
